 Dungeon Crawl Stone Soup version 0.31-a0-145-g046c7d2549 (webtiles) character file.

Game seed: 4415649404814488031

2321 Turgor the Covert (level 9, -1/45 HPs)
             Began as a Kobold Enchanter on June 5, 2023.
             Was an Initiate of Wu Jian.
             Slain by a wraith (7 damage)
             ... on level 7 of the Dungeon.
             The game lasted 00:29:34 (5847 turns).

Turgor the Covert (Kobold Enchanter)                Turns: 5847, Time: 00:29:35

Health: -1/45      AC:  8    Str:  5    XL:     9   Next: 69%
Magic:  22/25      EV: 14    Int: 19    God:    Wu Jian [......]
Gold:   404        SH:  0    Dex: 17    Spells: 9/18 levels left

rFire   . . .        a - +1 dagger (freeze)
rCold   . . .        (no shield)
rNeg    + . .        C - +3 leather armour {rN+}
rPois   .            n - +0 helmet
rElec   .            k - +0 cloak
rCorr   .            (no gloves)
SInv    .            (no boots)
Will    .....        (no amulet)
Stlth   +++++        p - +4 ring of slaying
HPRegen 0.27/turn    l - ring of magical power
MPRegen 0.19/turn

%: no passive effects
@: very slightly contaminated
A: small, no large weapons, nightstalker 3
a: Renounce Religion


You were on level 7 of the Dungeon.
You worshipped Wu Jian.
Wu Jian was noncommittal.
You visited 1 branch of the dungeon, and saw 7 of its levels.

You collected 404 gold pieces.

Inventory:

Hand Weapons
 a - a +1 dagger of freezing (weapon)
 i - a +0 sling of flaming
 w - the +1 whip of Falep {drain, rElec rC+ rCorr Int+3}
   (You found it on level 6 of the Dungeon)

   Int:       It affects your intelligence (+3).
   rC:        It protects you from cold.
   rElec:     It insulates you from electricity.
   rCorr:     It protects you from acid and corrosion.
 y - a +4 dagger
 D - a +1 short sword of draining
Missiles
 f - 63 stones (quivered)
 u - 6 poisoned darts
 A - a throwing net
 B - a boomerang of dispersal
 F - 2 silver boomerangs
Armour
 b - a +0 robe
 k - a +0 cloak (worn)
 n - a +0 helmet (worn)
 C - a +3 leather armour of positive energy (worn)
Jewellery
 d - a ring of protection from cold
 l - a ring of magical power (right hand)
 p - a +4 ring of slaying (left hand)
 z - a ring of flight
Wands
 s - a wand of mindburst (3)
 v - a wand of flame (18)
Scrolls
 h - a scroll of vulnerability
Potions
 e - a potion of lignification
 g - a potion of might
 j - a potion of enlightenment
 o - 2 potions of brilliance {unknown}
 q - a potion of attraction {unknown}
 r - a potion of degeneration {unknown}
 t - a potion of ambrosia {unknown}
 x - a potion of mutation {unknown}
 E - a potion of haste {unknown}
 H - a potion of curing


   Skills:
 - Level 6.0 Short Blades
 - Level 2.4 Dodging
 * Level 8.6 Stealth
 + Level 5.1 Spellcasting
 * Level 5.8 Conjurations
 + Level 7.3 Hexes


You had 9 spell levels left.
You knew the following spells:

 Your Spells              Type           Power      Damage    Failure   Level
a - Confusing Touch       Hex            32%        N/A       3%          3
b - Dazzling Flash        Conj/Hex       58%        N/A       4%          3
c - Mephitic Cloud        Conj/Pois/Air  12%        N/A       28%         3

Your spell library contained the following spells:

 Spells                   Type           Power      Damage    Failure   Level
 Tukima's Dance           Hex            32%        N/A       3%          3
 Ensorcelled Hibernation  Hex/Ice        36%        N/A       7%          2
 Poisonous Vapours        Pois/Air       8%         N/A       30%         2
 Anguish                  Hex/Necr       9%         N/A       41%         4
 Spider Form              Tmut/Pois      4%         N/A       52%         3
 Vhi's Electric Charge    Tloc/Air       8%         N/A       52%         3
 Silence                  Hex/Air        9%         N/A       77%         5
 Arcjolt                  Conj/Air       7%         1d17      86%         5
 Passage of Golubria      Tloc           4%         N/A       90%         4
 Freezing Cloud           Conj/Ice/Air   6%         6-21      95%         5
 Lehudib's Crystal Spear  Conj/Erth      7%         10d3      100%        8
 Maxwell's Capacitive Co  Air            2%         ∞         100%        8


Dungeon Overview and Level Annotations

Branches:
Dungeon (7/15)             Temple (0/1) D:5

Altars:
Dithmenos
Hepliaklqana
Kikubaaqudgha
Okawaru
Wu Jian

Shops:
D:5 (

Annotations:
D:3 3 runed translucent doors, Selgatrox's ghost, amateur TrFi; Thantalas's ghost, amateur KoHu; eyesofgods1's ghost, amateur DjEE; mopl's ghost, amateur BaFi; qborf's ghost, amateur MiFi


Innate Abilities, Weirdness & Mutations

You are small and have problems with some larger weapons.
You are completely attuned to the shadows.


Message History

Your orc seems to slow down.
Unknown command.
Something hits your orc.
Your orc hits something with a +0 hand axe.
Your orc hits the wraith but does no damage.
Your orc wizard hits the wraith but does no damage.
Your orc completely misses the wraith.
Your orc hits something but does no damage.
The wraith hits your orc.
Your orc dies!
Your orc's corpse dissolves into shadows!
Your orc wizard dissolves into shadows!
Something barely misses you.
Your orc hits the wraith but does no damage.
Your orc closely misses something.
The wraith hits your orc.
Unknown command.
Your orc dissolves into shadows!
Something hits your orc.
Your orc dies!
Your orc's corpse dissolves into shadows!
Your orc hits the wraith but does no damage.
You hit the wraith but do no damage. You punch the wraith, but do no damage.
The wraith is moderately damaged.
The wraith barely misses you.
You hit the wraith.
The wraith is moderately damaged.
Your orc hits the wraith but does no damage.
Casting: Dazzling Flash (dangerous; 4% risk of failure)
Confirm with . or Enter, or press ? or * to list all spells.
You miscast Confusing Touch.
You are very lightly contaminated with residual magic.
Nothing appears to happen.
Something hits you. The wraith hits you!
Your orc hits the wraith but does no damage.
Unknown command.
You hit the wraith but do no damage.
The wraith is moderately damaged.
Something hits you!
* * * LOW HITPOINT WARNING * * *
The wraith hits you!
You die...

#.##..## ##.###..# #..#
##.# #.## #.# #.# #.####
#.# #..... ######## #.#
##....###..#$[$# .
##.####...###.....?[(##..
#..##...###..@W#..??.....
#.#...###...#.#o..##.C...
#.#.##'....#.#.#.#...(⌠..
#.#...###...#.#..###.....
##.###...###....#.#
!.....
#..#####...###....#
$!##.. #....# #.....###
(# #....# ##..#...###
#....# ##.###...##


You could see a wraith (ally target) and a friendly orc (summoned).

Vanquished Creatures
  A cyclops (D:7)
  Sigmund (D:5)
  A water moccasin (D:5)
  Duvessa (D:4)
  3 ice beasts
  A black bear (D:6)
  2 ogres
  A centaur (D:6)
  2 phantoms (D:4)
  A bullfrog (D:6)
  2 scorpions
  Dowan (D:4)
  A howler monkey (D:5)
  3 orc priests (D:6)
  3 hounds
  A jelly (D:4)
  6 iguanas
  A sleepcap (D:6)
  3 adders
  3 gnolls (D:2)
  A white imp (D:5)
  4 ufetubi
  3 worms
  2 dart slugs
  14 orcs
  7 bats
  6 endoplasms
  2 giant cockroaches (D:2)
  8 goblins
  3 hobgoblins (D:2)
  7 quokkas
  10 ball pythons
  4 frilled lizards
  6 kobolds
  5 rats
120 creatures vanquished.

Vanquished Creatures (others)
  A gargoyle (D:7)
1 creature vanquished.

Grand Total: 121 creatures vanquished

Notes
Turn   | Place    | Note
-------+----------+-------------------------------------------
     0 | D:1      | Turgor the Kobold Enchanter began the quest for the Orb.
     0 | D:1      | Reached XP level 1. HP: 10/10 MP: 3/3
   121 | D:1      | Reached XP level 2. HP: 15/15 MP: 5/5
   781 | D:2      | Reached XP level 3. HP: 19/19 MP: 6/6
   794 | D:1      | Learned a level 3 spell: Confusing Touch
   985 | D:2      | Reached XP level 4. HP: 24/24 MP: 8/8
  1465 | D:2      | Found an ancient bone altar of Kikubaaqudgha.
  1485 | D:2      | Reached skill level 5 in Stealth
  1485 | D:2      | Reached XP level 5. HP: 28/28 MP: 9/9
  1489 | D:2      | Learned a level 3 spell: Dazzling Flash
  1493 | D:2      | Learned a level 3 spell: Mephitic Cloud
  2231 | D:3      | Found a runed translucent gate.
  2231 | D:3      | Found a runed translucent gate.
  2231 | D:3      | Found a runed translucent gate.
  2233 | D:3      | Noticed Thantalas's ghost (amateur KoHu)
  2233 | D:3      | Noticed qborf's ghost (amateur MiFi)
  2363 | D:3      | Found a hazy altar of Hepliaklqana.
  2363 | D:3      | Found an iron altar of Okawaru.
  2494 | D:3      | Noticed Selgatrox's ghost (amateur TrFi)
  2494 | D:3      | Noticed eyesofgods1's ghost (amateur DjEE)
  2771 | D:4      | Noticed a phantom
  2780 | D:4      | Killed a phantom
  2781 | D:4      | Reached XP level 6. HP: 32/32 MP: 10/10
  2875 | D:4      | Reached skill level 5 in Hexes
  2876 | D:4      | You fall into a shaft and drop 2 floors!
  2890 | D:6      | Noticed an ogre
  2902 | D:6      | Killed an ogre
  2903 | D:6      | Reached skill level 6 in Stealth
  2903 | D:6      | Reached XP level 7. HP: 28/36 MP: 11/11
  3111 | D:6      | Reached skill level 5 in Short Blades
  3168 | D:6      | Identified the +1 whip of Falep {drain, rElec rC+ rCorr
                  | Int+3}
  3241 | D:6      | Reached skill level 1 in Conjurations
  3384 | D:6      | Reached XP level 8. HP: 36/41 MP: 12/12
  3792 | D:6      | Found a shadowy altar of Dithmenos.
  4215 | D:5      | Entered Level 5 of the Dungeon
  4501 | D:3      | Noticed mopl's ghost (amateur BaFi)
  4592 | D:4      | Noticed Duvessa
  4593 | D:4      | Noticed Dowan
  4595 | D:4      | Killed Duvessa
  4596 | D:4      | Reached XP level 9. HP: 45/45 MP: 15/15
  4601 | D:4      | Killed Dowan
  4788 | D:5      | Reached skill level 7 in Stealth
  4932 | D:5      | Reached skill level 5 in Conjurations
  5289 | D:5      | Found an ornate altar of the Wu Jian Council.
  5294 | D:5      | Became a worshipper of the Wu Jian Council
  5398 | D:5      | Found a staircase to the Ecumenical Temple.
  5434 | D:5      | Found Rez Imaw's Weapon Emporium.
  5438 | D:5      | Noticed Sigmund
  5449 | D:5      | Killed Sigmund
  5450 | D:5      | Reached skill level 8 in Stealth
  5814 | D:7      | Noticed a cyclops
  5815 | D:7      | Noticed a komodo dragon
  5816 | D:7      | Noticed a gargoyle
  5816 | D:7      | Noticed a cyclops
  5817 | D:7      | Noticed a cyclops
  5817 | D:7      | Killed a cyclops
  5818 | D:7      | Reached skill level 5 in Spellcasting
  5820 | D:7      | Killed a gargoyle
  5847 | D:7      | Slain by a wraith

Illustrated notes

Levels and vault maps discovered:
D:1:      eino_arrival_water_cross, layout_loops_cross, chequers_garden
D:2:      layout_basic, basic_altar, minmay_crystal_water
D:3:      layout_loops_ring, gammafunk_temple_overflow_pools,
          gammafunk_ghost_cemetery
D:4:      layout_gridville, minmay_crystal_room, grunt_ministairs_6,
          uniq_duvessa
D:5:      layout_cave_pools, mainiacjoe_overflow_24_doors,
          minmay_temple_entry_antechambers, serial_shops, shop, uniq_sigmund
D:6:      layout_rooms, lemuel_doored_altar, minmay_pentangle
D:7:      minmay_the_grid_four_pointed_star
          [minmay_the_grid_triangle_9x9_limited_checkers,
          minmay_the_grid_triangle_9x9_corruption,
          minmay_the_grid_triangle_9x9_negative_grid,
          minmay_the_grid_triangle_9x9_dagger, minmay_the_grid_prize_big_room],
          layout_rooms, minmay_increasing_density

Skill      XL: |  1  2  3  4  5  6  7  8  9 |
---------------+----------------------------+-----
Short Blades   | 2 3 4 5 6 |  6.0
Stealth        | 5 6 8 |  8.6
Spellcasting   | 3 4 5 |  5.1
Hexes          | 4 5 6 7 |  7.3
Conjurations   | 1 4 5 |  5.8
Dodging        | |  2.4

Action                     |  1- 3 |  4- 6 |  7- 9 || total
---------------------------+-------+-------+-------++-------
  Melee: Dagger            |    80 |    66 |   184 ||   330
         Punch             |       |     4 |     5 ||     9
   Cast: Confusing Touch   |       |     2 |    31 ||    33
         Dazzling Flash    |       |       |     3 ||     3
Ability: Lunge             |       |       |     2 ||     2
  Evoke: Wand              |       |     1 |     2 ||     3
    Use: Potion            |     2 |       |     7 ||     9
         Scroll            |       |     7 |     4 ||    11
   Stab: Sleeping          |    16 |    20 |    13 ||    49
         Invisible         |     4 |       |     2 ||     6
         Confused          |       |     1 |    21 ||    22
 Armour: Robe              |     7 |     8 |    10 ||    25
         Leather armour    |       |       |    18 ||    18
  Dodge: Dodged            |    42 |    19 |   129 ||   190

Table legend: (Time is in decaauts)
 A = Elapsed time spent in this place.
 B = Non-inter-level travel time spent in this place.
 C = Inter-level travel time spent in this place.
 D = Time resting spent in this place.
 E = Time spent auto-exploring this place.
 F = Levels seen in this place.
 G = Mean time per level.
                   A        B        C        D        E       F      G
               +--------+--------+--------+--------+--------+-----+--------+
         Total |   5787 |   5645 |    142 |    763 |   3734 |   7 |  826.7 |
       Dungeon |   5787 |   5645 |    142 |    763 |   3734 |   7 |  826.7 |
               +--------+--------+--------+--------+--------+-----+--------+

Top non-repeatable levels by time:
     D:6: 1321 daAuts
     D:5: 1039 daAuts
     D:3: 1008 daAuts
     D:2: 825 daAuts
     D:1: 775 daAuts
     D:4: 632 daAuts
     D:7: 184 daAuts
